 Dungeon Crawl Stone Soup version 0.14-a0-770-g009d3a2 (webtiles) character file.

295 Daniel the Slasher (level 5, -17/36 HPs)
             Began as a High Elf Gladiator on Nov 9, 2013.
             Killed from afar by Dowan (22 damage)
             ... with a shard of ice
             ... on Level 4 of the Dungeon.
             The game lasted 00:08:30 (1719 turns).

Daniel the Slasher (High Elf Gladiator)             Turns: 1719, Time: 00:08:31

HP -17/36        AC  7     Str 19      XL: 5   Next: 36%
MP   7/7         EV 10     Int 12      God:
Gold 111         SH  0     Dex 16      Spells:  0 memorised,  4 levels left

Res.Fire  : . . .   See Invis. : .   a - +0 elf falchion
Res.Cold  : . . .   Warding    : .   i - +0 elf ring mail
Life Prot.: . . .   Conserve   : .   (no shield)
Res.Poison: .       Res.Corr.  : .   c - +0 helmet
Res.Elec. : .       Clarity    : .   x - +0 cloak
Sust.Abil.: . .     Spirit.Shd : .   (no gloves)
Res.Mut.  : .       Stasis     : .   (no boots)
Res.Rott. : .       Flight     : .   (no amulet)
Saprovore : . . .                    (no ring)
                                     s - +5 ring of strength

@: glowing, slightly resistant to hostile enchantments, extremely unstealthy
A: fast metabolism 1
a: no special abilities


You were on level 4 of the Dungeon.
You were not hungry.

You visited 1 branch of the dungeon, and saw 4 of its levels.

You collected 111 gold pieces.

Inventory:

Hand weapons
 a - a +0,+0 elven falchion (weapon)
 l - a +0,+0 sling
Missiles
 j - 8 exploding sling bullets
 m - 10 poisoned sling bullets
 v - 22 poisoned needles
Armour
 b - a +0 elven leather armour
 c - a +0 helmet (worn)
 i - a +0 elven ring mail (worn)
 x - a +0 cloak (worn)
Comestibles
 f - 2 bread rations
 z - a chunk of hobgoblin flesh
Scrolls
 g - 2 scrolls of magic mapping {unknown}
 h - 2 scrolls of enchant weapon I {unknown}
 k - a scroll of fear {unknown}
 n - a scroll of recharging {unknown}
 o - 2 scrolls of amnesia {unknown}
 p - a scroll of teleportation {unknown}
 q - 5 scrolls of remove curse {unknown}
 r - a scroll of identify {unknown}
 t - a scroll of curse weapon {unknown}
 u - a scroll of curse armour {unknown}
Jewellery
 s - a +5 ring of strength (left hand)


   Skills:
 + Level 3.5 Fighting
 * Level 6.4 Long Blades
 - Level 2.1 Throwing
 - Level 3.2 Dodging


You had 4 spell levels left.
You didn't know any spells.

Dungeon Overview and Level Annotations

Branches:
Dungeon (4/27)
 Temple: D:4-7

Altars:
Kikubaaqudgha
Xom

Annotations:
D:4 Dowan, Prince Ribbit


Innate Abilities, Weirdness & Mutations

You have a fast metabolism.


Message History

You feel sick. Dowan hits you but does no damage.
The worker ant waves its antennae.
The worker ant bites you.
* * * LOW HITPOINT WARNING * * *
Dowan hits you but does no damage.
You closely miss the worker ant.
The worker ant is almost dead.
* * * LOW HITPOINT WARNING * * *
You feel sick. Dowan hits you but does no damage. The worker ant bites you.
* * * LOW HITPOINT WARNING * * *
Unknown command.
You hit the worker ant.
You kill the worker ant!
* * * LOW HITPOINT WARNING * * *
You feel sick.
You feel better. Dowan gestures at you while chanting.
The shard of ice hits you!
Ouch! That really hurt!
You die...

▒▒▒▒▒▒▒▒▒▒▒▒▒▒▒▒▒▒▒▒▒▒
▒∙∙∙∙∙∙∙∙∙∙∙∙∙∙∙∙∙∙∙∙∙
▒∙∙∙∙∙∙∙∙∙∙∙∙∙∙∙∙∙∙∙∙∙
▒∙∙∙∙∙∙∙∙∙∙∙∙∙∙∙∙∙∙∙∙∙
▒∙∙∙∙∙∙∙∙∙∙∙∙∙∙∙∙∙∙∙∙∙
▒∙∙∙▒▒▒▒▒▒▒▒▒▒▒▒∙∙∙∙∙∙
▒∙∙∙▒∙∙∙∙)∙∙∙∙∙▒∙∙∙∙∙∙
▒∙∙∙▒%▒'▒▒▒▒▒∙∙▒∙∙∙∙∙∙
▒∙∙∙▒@▒∙∙∙∙∙▒∙)'∙▒▒▒▒▒
▒∙∙∙▒e▒∙∙∙∙∙▒∙∙▒∙▒∙∙∙∙
▒∙∙∙▒∙▒∙∙∙∙∙▒∙∙▒∙▒∙∙∙∙
▒∙∙∙▒∙▒▒▒▒▒▒▒∙∙▒∙▒e∙∙e
▒∙∙∙▒∙∙∙∙∙∙∙∙∙∙▒∙▒∙∙∙∙
▒∙∙∙▒∙∙∙∙∙∙∙∙∙∙▒∙e∙∙∙∙
▒∙∙∙▒∙∙∙∙∙∙∙∙∙∙▒∙▒∙∙∙∙
▒∙∙∙▒∙∙∙∙∙∙∙∙∙∙▒∙▒∙∙∙∙
▒∙∙∙▒∙∙∙∙∙∙∙∙∙∙▒∙▒∙∙∙∙


You could see Dowan.

Vanquished Creatures
  Duvessa (D:4)
  A hound (D:4)
  A worker ant (D:4)
  An adder (D:4)
  An adder skeleton (D:4)
  A giant gecko (D:2)
  2 oozes
  5 giant cockroaches
  4 goblins
  5 hobgoblins
  4 jackals (D:3)
  5 kobolds
  4 bats
  3 giant newts
  An orc skeleton (D:4)
  A quokka skeleton (D:4)
  4 rats
44 creatures vanquished.

Notes
Turn   | Place    | Note
--------------------------------------------------------------
     0 | D:1      | Daniel, the High Elf Gladiator, began the quest for the Orb.
     0 | D:1      | Reached XP level 1. HP: 15/15 MP: 1/1
   118 | D:1      | Reached skill level 4 in Long Blades
   125 | D:1      | Reached XP level 2. HP: 16/20 MP: 2/2
   250 | D:1      | Found a shimmering altar of Xom.
   250 | D:1      | Found a shimmering altar of Xom.
   251 | D:1      | Found a shimmering altar of Xom.
   302 | D:1      | Found a shimmering altar of Xom.
   302 | D:1      | Found a shimmering altar of Xom.
   302 | D:1      | Found a shimmering altar of Xom.
   543 | D:2      | Found an ancient bone altar of Kikubaaqudgha.
  1049 | D:3      | Reached XP level 3. HP: 20/25 MP: 4/4
  1423 | D:4      | Noticed Prince Ribbit
  1435 | D:4      | Reached skill level 5 in Long Blades
  1435 | D:4      | Reached XP level 4. HP: 11/31 MP: 6/6
  1659 | D:4      | Noticed Duvessa
  1659 | D:4      | Noticed Dowan
  1692 | D:4      | Killed Duvessa
  1692 | D:4      | Reached skill level 6 in Long Blades
  1692 | D:4      | Reached XP level 5. HP: 19/36 MP: 7/7
  1702 | D:4      | Gained mutation: Your natural rate of healing is unusually fast. [potion of mutation]
  1702 | D:4      | Lost mutation: Your natural rate of healing is unusually fast. [potion of mutation]
  1702 | D:4      | Gained mutation: You have a fast metabolism. [potion of mutation]
  1719 | D:4      | Killed from afar by Dowan

Action                   |  1- 3 |  4- 6 || total
-------------------------+-------+-------++-------
Melee: Falchion          |   163 |    47 ||   210
Throw: Throwing net      |     2 |     5 ||     7
  Use: Potion            |       |     6 ||     6
 Stab: Held in net/web   |     1 |     4 ||     5
